AoeStats
← MatzeAoE

Migration

505498034Analyzed
1v1 RM · 24d ago on Sep 9, 2026· 22m 45s· 2 players
Game mode
Random Map
Map size
132×132
Population
200
Speed
Normal
Resources
Standard
Victory
Conquest
Starting age
Dark Age
Ending age
Imperial Age
RankedLock teamsTeams togetherTeam positionsShared explorationLock speedFull tech treeHidden civsTurbo modeCheats
Victory
Defeat
🇨🇳 Persians · China
2213
+13
🇩🇪 Koreans · Germany
2147
-13
MatzeAoE
9:49 Feudal Age
10:20 Double-Bit Axe
12:56 Loom
12:59 Town Watch
blytz
12:05 Feudal Age
12:34 Double-Bit Axe
18:27 Castle Age
17:57 Forging
19:10 Medium Warships
20:06 Bow Saw
23:17 Iron Casting
Connection lost

Rejoining the realm…

Still unreachable

The connection could not be restored.

Session expired

The server has moved on; the page needs a fresh start.